Map: Geheimbasis 2E

Players

RiseAgainst - Winner!

  • Race: Terran Terran
  • League: Diamond
  • Spawn Location: 11:00

Panda - Winner!

  • Race: Zerg Zerg
  • League: Diamond
  • Spawn Location: 9:00

EnTRoY - Winner!

  • Race: Protoss Protoss
  • Spawn Location: 12:00

dugong

  • Race: Terran Terran
  • Spawn Location: 3:00

Xan

  • Race: Protoss Protoss
  • Spawn Location: 5:00

Shipperizer

  • Race: Terran Terran
  • Spawn Location: 6:00

VOD

Have the link to the VOD?

Description

Time

  • Played on: Sept. 7, 2017, 3:59 p.m.
  • Length: 11:30
Show
View Real Time Build Order
Export as new Build Order

RiseAgainst Terran - Winner!

Build Orders: Reaper Expand, MMM Bio 

Get SALT Encoding   

  12  0:00  SCV  
  13  0:13  SCV  
  14  0:18  Supply Depot  
  14  0:25  SCV  
  15  0:40  SCV  
  15  0:41  Barracks  
  16  0:46  Refinery  
  16  0:52  SCV  
  17  1:04  SCV  
  18  1:16  SCV  
  19  1:28  Orbital Command  
  19  1:29  Reaper  
  20  1:43  Command Center  
  20  1:54  SCV  
  21  2:03  Supply Depot  
  21  2:06  SCV  
  21  2:08  Barracks Reactor  
  22  2:18  Barracks, SCV  
  23  2:30  SCV  
  23  2:36  Factory  
  24  2:37  Refinery  
  24  2:42  SCV  
  25  2:50  Marine x2  
  27  2:54  SCV  
  27  2:55  Supply Depot  
  28  3:19  Marine x2  
  29  3:20  Barracks Tech Lab  
  29  3:21  Starport, Factory Tech Lab  
  29  3:24  Orbital Command, SCV  
  30  3:36  SCV  
  30  3:37  Engineering Bay  
  30  3:41  Marine x2  
  31  3:42  Marine  
  31  3:43  Stimpack  
  34  3:49  SCV  
  34  3:50  SCV  
  36  4:01  Marine x3, SCV  
  36  4:02  SCV  
  41  4:19  Marine x2  
  43  4:28  Banshee, Cloaking Field  
  46  4:31  SCV x2  
  46  4:34  Marine  
  46  4:35  Refinery, Terran Infantry Weapons Level 1  
  46  4:37  Marine  
  50  4:39  Barracks  
  50  4:43  SCV  
  51  4:46  SCV  
  51  4:48  Supply Depot  
  52  4:55  SCV  
  52  4:57  Marine  
  54  5:09  Marine x2  
  54  5:10  SCV  
  54  5:11  SCV  
  54  5:13  Banshee  
  61  5:15  Refinery  
  61  5:21  Command Center  
  61  5:22  SCV  
  61  5:26  Barracks  
  61  5:27  Supply Depot  
  61  5:28  Supply Depot, Barracks Reactor  
  62  5:30  Supply Depot  
  62  5:36  Marine, SCV  
  59  5:46  SCV  
  60  5:54  Marine x2  
  62  6:12  Marine x5  
  62  6:16  Combat Shields  
  62  6:17  Barracks Reactor  
  62  6:18  Barracks  
  67  6:20  Starport Reactor  
  67  6:29  Marine  
  67  6:30  Marine  
  69  6:38  SCV x2  
  69  6:39  Orbital Command  
  68  6:41  Supply Depot  
  65  6:49  Marine x5  
  70  6:59  Medivac x2  
  70  7:00  Supply Depot  
  70  7:01  Marine x2  
  76  7:02  Orbital Command, Terran Infantry Armor Level 1  
  76  7:05  Engineering Bay  
  76  7:06  Marine  
  76  7:07  Armory, Marine x2  
  79  7:17  Marine x3  
  79  7:18  Marine  
  79  7:19  Marine, Concussive Shells  
  84  7:24  Supply Depot  
  84  7:28  Supply Depot  
  84  7:33  SCV x2  
  84  7:34  SCV  
  87  7:37  Marine x2  
  87  7:38  Marine  
  90  7:45  SCV x2  
  90  7:46  SCV  
  93  7:52  Marine x3  
  93  7:53  Marine x2  
  93  7:54  Marine  
  93  7:55  Terran Infantry Weapons Level 2  
  93  7:57  SCV  
  93  7:58  SCV x2  
  102  8:02  Supply Depot  
  102  8:03  Supply Depot  
  102  8:07  Marine x2  
  102  8:10  Marine x2, SCV  
  106  8:33  Marine x6  
  109  8:34  Medivac x2  
  113  8:44  Supply Depot  
  113  8:48  Supply Depot  
  109  9:01  Marine x6  
  109  9:02  Marine x2  
  117  9:10  Medivac x2  
  121  9:40  Medivac x2  
  125  9:58  Marine x3  
  125  9:59  Marine x5  
  131  10:10  Medivac  
  130  10:16  Marine x4  
  130  10:18  Marine x3  
  130  10:19  Marine  
  138  10:34  Marine  
  139  10:44  Marine x5  
  139  10:45  Marine x2  
  146  10:50  Viking x2, Command Center  
  146  10:52  Marine  
  151  11:02  Marine x5  
Show
View Real Time Build Order
Export as new Build Order

Panda Zerg - Winner!

Build Orders: Pool First 

Get SALT Encoding   

  12  0:01  Drone  
  13  0:15  Extractor  
  12  0:25  Spawning Pool  
  11  0:28  Drone  
  12  0:37  Drone  
  13  0:45  Overlord  
  13  0:58  Drone  
  14  1:15  Zergling x6  
  17  1:33  Metabolic Boost  
  17  1:34  Queen  
  17  1:35  Drone  
  17  1:39  Drone  
  21  1:47  Drone  
  22  2:05  Hatchery  
  20  2:23  Drone  
  21  2:52  Drone  
  20  3:23  Drone  
  20  3:24  Queen  
  23  3:33  Drone x3  
  26  3:38  Drone  
  26  3:39  Drone  
  28  3:49  Overlord x3, Hatchery  
  21  4:30  Spore Crawler  
  20  4:40  Spore Crawler  
  19  4:50  Drone x6  
  25  4:55  Spore Crawler  
  25  4:56  Drone x6  
  25  4:57  Spore Crawler  
  31  5:00  Drone x2  
  31  5:05  Drone  
  32  5:14  Drone  
  32  5:15  Drone x3  
  32  5:20  Drone  
  37  5:27  Drone x3  
  40  5:35  Drone x2  
  42  5:44  Evolution Chamber  
  42  5:47  Evolution Chamber, Lair  
  40  5:57  Drone x2  
  40  6:00  Drone x7  
  49  6:18  Zerg Ground Armor Level 1  
  49  6:23  Extractor  
  49  6:24  Extractor  
  47  6:25  Spine Crawler  
  47  6:28  Spine Crawler  
  47  6:29  Spine Crawler, Drone x6  
  50  6:33  Spore Crawler  
  50  6:34  Spore Crawler  
  50  6:35  Spore Crawler  
  50  6:36  Spine Crawler  
  50  6:37  Spine Crawler, Drone x2  
  50  6:38  Spine Crawler, Drone  
  47  6:48  Extractor  
  46  6:57  Overseer  
  46  7:01  Overseer  
  46  7:13  Drone x2, Hatchery  
  46  7:14  Drone x3  
  50  7:27  Overlord x4  
  50  7:28  Overlord  
  50  7:53  Drone x3  
  50  7:54  Queen  
  51  8:10  Spore Crawler x2  
  51  8:12  Spore Crawler  
  44  8:14  Zerg Ground Armor Level 2  
  44  8:16  Zerg Melee Weapons Level 1  
  44  8:18  Drone x2  
  46  8:28  Drone  
  46  8:31  Drone  
  46  8:32  Queen  
  50  8:43  Zergling x28  
  64  8:52  Infestation Pit  
  63  9:03  Drone x2  
  63  9:05  Drone x2  
  63  9:07  Zergling x2  
  63  9:08  Zergling x14  
  75  9:20  Zergling x18  
  81  9:33  Zergling x10  
  81  9:36  Queen  
  88  9:43  Drone  
  86  10:01  Hive  
  86  10:05  Drone x2  
  80  10:07  Spore Crawler  
  80  10:08  Spore Crawler  
  78  10:27  Zergling x34  
  95  10:47  Overlord x2  
  95  10:48  Overlord x7  
  95  10:49  Overlord x2  
  85  11:13  Zergling x14  
Show
View Real Time Build Order
Export as new Build Order

EnTRoY Protoss - Winner!

Build Orders: Double Forge 

Get SALT Encoding   

  12  0:01  Probe (Chrono Boost)  
  13  0:12  Probe (Chrono Boost)  
  14  0:18  Pylon  
  14  0:22  Probe (Chrono Boost)  
  15  0:36  Probe (Chrono Boost)  
  16  0:47  Probe (Chrono Boost)  
  16  0:48  Gateway  
  17  0:57  Probe (Chrono Boost)  
  18  1:08  Probe (Chrono Boost), Pylon  
  19  1:16  Assimilator  
  20  1:18  Probe (Chrono Boost)  
  20  1:21  Assimilator  
  20  1:29  Probe (Chrono Boost)  
  21  1:35  Cybernetics Core  
  21  1:40  Gateway  
  21  1:42  Probe (Chrono Boost)  
  21  1:45  Zealot  
  24  1:53  Pylon  
  24  1:56  Probe (Chrono Boost)  
  25  2:12  Warp Gate (Chrono Boost)  
  25  2:14  Adept  
  27  2:19  Probe (Chrono Boost)  
  28  2:27  Gateway  
  28  2:28  Gateway  
  28  2:29  Probe  
  29  2:32  Adept  
  31  2:40  Pylon  
  31  3:06  Nexus  
  31  3:27  Forge  
  31  3:30  Pylon  
  33  3:34  Mothership Core  
  33  3:42  Pylon  
  33  3:54  Forge  
  33  3:55  Probe (Chrono Boost)  
  34  4:07  Protoss Ground Weapons Level 1 (Chrono Boost)  
  34  4:14  Stalker x2  
  34  4:15  Stalker  
  41  4:24  Probe  
  41  4:25  Probe  
  42  4:36  Probe  
  43  4:42  Sentry x2  
  43  4:44  Probe  
  47  4:48  Probe  
  47  4:49  Stalker x2  
  44  5:13  Adept x3  
  27  6:09  Stalker x2  
  27  6:10  Stalker  
  29  6:11  Probe (Chrono Boost)  
  29  6:12  Probe (Chrono Boost)  
  29  6:19  Protoss Ground Armor Level 1  
  29  6:20  Protoss Shields Level 1  
  29  6:24  Probe (Chrono Boost)  
  26  6:30  Probe (Chrono Boost)  
  27  6:34  Probe (Chrono Boost)  
  28  6:40  Probe (Chrono Boost)  
  28  6:45  Probe (Chrono Boost)  
  30  6:47  Pylon  
  30  6:51  Probe (Chrono Boost), Pylon  
  31  6:55  Probe (Chrono Boost)  
  32  7:02  Probe (Chrono Boost)  
  32  7:06  Probe (Chrono Boost)  
  34  7:16  Photon Cannon  
  34  7:18  Photon Cannon  
  34  7:24  Pylon  
  34  7:27  Pylon  
  34  7:28  Probe x2 (Chrono Boost)  
  34  7:38  Stalker  
  28  7:52  Probe (Chrono Boost)  
  28  7:53  Probe (Chrono Boost)  
  30  8:03  Probe x2 (Chrono Boost)  
  32  8:15  Mothership Core (Chrono Boost)  
  32  8:19  Probe (Chrono Boost)  
  35  8:30  Probe (Chrono Boost)  
  37  8:34  Probe (Chrono Boost)  
  37  8:39  Nexus  
  37  8:49  Stargate  
  37  8:51  Stargate  
  37  8:54  Probe (Chrono Boost)  
  37  8:55  Probe (Chrono Boost)  
  39  9:05  Probe x2 (Chrono Boost)  
  41  9:22  Stalker  
  41  9:24  Zealot x3  
  49  9:34  Probe x2 (Chrono Boost)  
  51  9:47  Adept x3  
  47  11:26  Photon Cannon  
  47  11:29  Photon Cannon  
Show
View Real Time Build Order
Export as new Build Order

dugong Terran 

Build Orders:  

Get SALT Encoding   

  12  0:03  SCV  
  13  0:15  SCV  
  14  0:22  Supply Depot  
  14  0:27  SCV  
  15  0:44  SCV  
  15  0:45  Barracks  
  15  0:49  Refinery  
  16  0:56  SCV  
  17  1:08  SCV  
  17  1:10  Refinery  
  18  1:20  SCV  
  19  1:33  Orbital Command  
  19  1:44  Supply Depot  
  19  1:49  Factory  
  19  1:52  Marine  
  20  1:59  SCV  
  21  2:13  SCV  
  22  2:16  Supply Depot  
  22  2:24  Marine  
  23  2:32  Hellion  
  23  2:36  Starport  
  25  2:40  Barracks  
  25  2:42  Marine  
  26  2:54  Hellion  
  27  3:24  Factory Tech Lab  
  27  3:29  Starport  
  27  3:32  SCV  
  28  3:36  Starport Tech Lab  
  28  3:42  Command Center  
  28  3:52  SCV  
  28  3:54  Factory Reactor  
  29  4:11  Cloaking Field  
  29  4:17  Hyperflight Rotors  
  29  4:19  Banshee  
  29  4:21  Banshee  
  35  4:33  Supply Depot  
  35  4:38  Supply Depot  
  35  4:55  Barracks Reactor  
  35  4:58  Barracks Reactor  
  35  4:59  Supply Depot  
  35  5:02  Supply Depot  
  35  5:06  Barracks Tech Lab  
  31  6:16  Viking  
  31  6:17  Viking  
  35  6:46  Banshee, Raven  
  40  7:09  SCV  
  40  7:10  Orbital Command  
  40  7:11  Armory  
  41  7:21  SCV  
  42  7:23  Armory  
  42  7:29  Banshee x2  
  48  7:33  SCV  
  47  8:24  Liberator  
  26  8:40  Raven  
  31  8:49  SCV x2  
  31  8:52  Refinery  
  31  8:55  Refinery  
  33  9:04  Terran Ship Weapons Level 1  
  33  9:09  Marine x4  
  36  9:13  Siege Tank  
  40  9:17  SCV x2  
  40  9:23  Banshee  
  45  9:38  SCV x2  
  47  9:40  Marine x2  
  47  9:41  Marine x2  
  51  9:53  Supply Depot  
  51  10:12  Thor  
  57  10:16  Banshee x2  
  57  10:20  Marine x4  
  67  10:22  SCV x2  
Show
View Real Time Build Order
Export as new Build Order

Xan Protoss 

Build Orders: Oracle Opening 

Get SALT Encoding   

  12  0:00  Probe (Chrono Boost)  
  13  0:11  Probe (Chrono Boost)  
  14  0:18  Pylon  
  14  0:23  Probe (Chrono Boost)  
  15  0:37  Gateway  
  15  0:38  Probe (Chrono Boost)  
  16  0:50  Assimilator  
  16  0:53  Probe (Chrono Boost)  
  16  0:54  Assimilator  
  17  1:03  Probe (Chrono Boost)  
  18  1:14  Probe (Chrono Boost)  
  19  1:24  Cybernetics Core  
  20  1:25  Probe (Chrono Boost)  
  20  1:32  Pylon  
  20  1:36  Probe (Chrono Boost)  
  21  1:46  Probe (Chrono Boost)  
  22  1:57  Probe (Chrono Boost)  
  23  2:07  Probe (Chrono Boost)  
  24  2:09  Stargate  
  24  2:11  Pylon  
  24  2:20  Mothership Core (Chrono Boost)  
  25  2:49  Nexus  
  25  2:51  Pylon  
  25  2:53  Oracle  
  28  3:25  Probe (Chrono Boost)  
  29  3:28  Oracle  
  29  3:31  Assimilator  
  32  3:35  Probe (Chrono Boost)  
  32  3:37  Assimilator  
  32  3:40  Pylon  
  33  3:46  Stargate  
  33  4:39  Phoenix  
  33  4:40  Phoenix  
  37  5:20  Phoenix  
  39  5:22  Phoenix  
  41  5:45  Phoenix  
  41  5:47  Phoenix  
  45  6:10  Phoenix  
  47  6:12  Phoenix  
  49  6:23  Probe (Chrono Boost)  
  49  6:25  Probe (Chrono Boost)  
  50  6:34  Probe (Chrono Boost)  
  50  6:35  Probe (Chrono Boost), Phoenix  
  50  6:44  Probe (Chrono Boost)  
  50  6:46  Probe (Chrono Boost)  
  52  6:59  Probe (Chrono Boost)  
  53  7:03  Pylon  
  53  7:05  Phoenix x2  
  53  7:07  Protoss Air Weapons Level 1  
  57  7:10  Probe (Chrono Boost)  
  57  7:11  Pylon  
  57  7:12  Probe (Chrono Boost)  
  57  7:13  Pylon  
  59  7:15  Pylon  
  59  7:17  Pylon  
  59  7:19  Pylon  
  59  7:20  Probe (Chrono Boost)  
  59  7:21  Pylon  
  59  7:22  Probe (Chrono Boost)  
  61  7:31  Probe (Chrono Boost)  
  61  7:33  Probe (Chrono Boost)  
  63  7:41  Probe (Chrono Boost)  
  61  7:52  Probe (Chrono Boost)  
  61  7:56  Phoenix  
  61  7:57  Phoenix  
  66  8:21  Phoenix  
  66  8:22  Phoenix  
  62  8:46  Phoenix  
  62  8:47  Phoenix  
  58  9:13  Phoenix x2  
  62  9:38  Phoenix x2  
Show
View Real Time Build Order
Export as new Build Order

Shipperizer Terran 

Build Orders:  

Get SALT Encoding   

  12  0:01  SCV  
  13  0:13  SCV  
  14  0:23  Supply Depot  
  14  0:25  SCV  
  15  0:45  SCV  
  15  0:47  Barracks  
  17  0:57  SCV  
  17  1:09  SCV  
  18  1:21  SCV  
  18  1:23  Command Center  
  19  1:33  SCV  
  19  1:34  Marine  
  21  1:42  Barracks  
  21  1:46  SCV  
  22  1:51  Marine, Refinery  
  23  2:07  Refinery  
  23  2:16  Marine  
  23  2:17  SCV  
  23  2:29  SCV  
  23  2:34  Marine  
  24  2:41  SCV  
  22  2:52  Marine  
  22  2:53  SCV  
  19  3:25  Marine  
  20  3:27  SCV  
  21  3:39  SCV  
  22  3:50  Supply Depot  
  22  3:54  Supply Depot  
  22  3:57  Marine x2  
  22  3:58  Supply Depot  
  24  4:03  SCV  
  24  4:04  SCV  
  26  4:18  SCV  
  26  4:19  SCV  
  26  4:21  Refinery  
  28  4:28  Factory x2  
  28  4:31  SCV, Refinery  
  26  4:44  Marine x2  
  26  5:01  Marine  
  27  5:08  Marine  
  28  5:19  Marine  
  27  5:25  Hellion x2  
  27  5:26  Marine  
  20  6:04  Marine  
  20  6:05  Marine  
  19  6:22  Factory Tech Lab x2  
  19  6:26  Orbital Command  
  19  6:33  Marine  
  19  6:34  Marine  
  19  6:35  SCV  
  22  6:46  Engineering Bay  
  22  6:47  SCV  
  22  6:50  Armory  
  22  6:51  Marine  
  24  7:00  SCV  
  25  7:07  Cyclone  
  28  7:17  Barracks Tech Lab  
  28  7:24  Barracks Reactor  
  28  7:28  Sensor Tower  
  28  7:36  Missile Turret  
  26  8:33  Marine x3  
  29  8:36  Hellbat x2  
  33  8:51  Marine  
  31  8:57  Hellbat  
  31  9:02  Hellbat  
  23  9:19  Hellbat  
Tags
 
Add a new tag
Caveats
  • Supply blocks, unpowered buildings, or Contaminate may cause inaccurate times.
  • Supply counts are checked every 10 seconds.